 Dungeon Crawl Stone Soup version 0.20.1-1-g8b1a95d (webtiles) character file.

81 fiercepretzel the Cudgeler (level 4, -3/36 HPs)
             Began as a Demonspawn Chaos Knight on Oct 2, 2017.
             Slain by fiercepretzel's ghost (11 damage)
             ... on level 3 of the Dungeon.
             The game lasted 00:17:16 (2314 turns).

fiercepretzel the Cudgeler (DsCK)                   Turns: 2314, Time: 00:17:17

Health: -3/36      AC:  9    Str: 15    XL:     4   Next: 20%
Magic:  4/4        EV:  8    Int: 13    God:    Xom [...*..]
Gold:   98         SH:  8    Dex: 15    Spells: 3/3 levels left

rFire    . . .     SeeInvis .   a - +0 mace (chaos)
rCold    + + .     Gourm    .   l - +0 shield
rNeg     . . .     Faith    +   b - +2 leather armour
rPois    .         Spirit   .   i - +0 helmet
rElec    .         Reflect  .   (no cloak)
rCorr    .         Harm     .   m - +1 pair of gloves
MR       +....                  (no boots)
Stlth    ++........             n - amulet of faith
Regen    0.2/turn               d - ring of flight
MPRegen  0.1/turn               f - ring of ice

@: no status effects
A: claws 1, hooves 1, rugged brown scales 1, agile 1, cold resistance 1, fire
resistance 1, magic resistance 1, mutation resistance 2, nightstalker 1, strong
1
a: Renounce Religion, Evoke Flight


You were on level 3 of the Dungeon.
You worshipped Xom.
You were a favourite toy of Xom.
You were not hungry.

You visited 1 branch of the dungeon, and saw 4 of its levels.

You collected 98 gold pieces.

Inventory:

Hand Weapons
 a - a +0 mace of chaos (weapon)
Armour
 b - a +2 leather armour (worn)
 e - a +0 ring mail
 g - a +0 buckler
 i - a +0 helmet (worn)
 l - a +0 shield (worn)
 m - a +1 pair of gloves (worn)
Jewellery
 d - a ring of flight (left hand)
 f - a ring of ice (right hand)
 n - an amulet of faith (around neck)
Scrolls
 j - a scroll of recharging
 o - a scroll of teleportation {unknown}
 p - a scroll of blinking {unknown}
Comestibles
 c - 2 bread rations
 h - 3 meat rations


   Skills:
 + Level 3.4 Fighting
 * Level 3.7 Maces & Flails
 + Level 2.1 Armour
 - Level 0.8 Dodging
 + Level 1.2 Shields


You had 3 spell levels left.
You didn't know any spells.

Dungeon Overview and Level Annotations

Branches:
Dungeon (4/15)
 Temple: D:4-7

Altars:
Trog
Xom

Annotations:
D:3 fiercepretzel's ghost, amateur DsGl


Innate Abilities, Weirdness & Mutations

You are slightly more attuned to the shadows.
You have sharp fingernails.
You have large cloven feet.
You are partially covered in rugged brown scales. (AC +1, +3% HP)
You are agile. (Dex +2)
Your flesh is cold resistant. (rC+)
Your flesh is heat resistant. (rF+)
You are resistant to hostile enchantments. (MR+)
You are somewhat resistant to both further mutation and mutation removal.
Your muscles are strong. (Str +2)


Message History

Fiercepretzel's ghost is severely damaged.
Fiercepretzel's ghost hits you but does no damage. x2
You hit fiercepretzel's ghost but do no damage.
Fiercepretzel's ghost is severely damaged.
You block fiercepretzel's ghost's attack.
You hit fiercepretzel's ghost but do no damage.
You kick fiercepretzel's ghost, but do no damage.
Fiercepretzel's ghost is severely damaged.
Fiercepretzel's ghost hits you but does no damage.
You hit fiercepretzel's ghost but do no damage.
Your kick misses fiercepretzel's ghost.
Fiercepretzel's ghost is severely damaged.
Fiercepretzel's ghost hits you!
* * * LOW HITPOINT WARNING * * *
x2 Fiercepretzel's ghost screams, "I have seen your future, and it is all used up."
Fiercepretzel's ghost hits you but does no damage.
Fiercepretzel's ghost screams, "You must not succeed where I failed!"
Fiercepretzel's ghost hits you!
You die...
Xom bursts into laughter!

#.#.......5##.....# #)###..
#.#....P.P....###.# #..##..
#.P......#.#.####.# ##.##..
#.#.P....#..)..##.# #.$...
#.#.##PP.P.#.#.##.######.##..
...........>...#........$...
........##.#.#...........###.
######..##..W..##.####.....#r
#..####@####.# #.....#.
##.......................
#.<..##.....######.....##
#.###.##.###.# #.....## #.
#.##.# .# ###.###. #.###.##.#
# #.. .. #.....##.. ## #.
#.#.##...# #. #.#.# #.## #.


You could see fiercepretzel's ghost.

Vanquished Creatures
  3 adders (D:2)
  2 leopard geckos (D:2)
  5 bats
  4 giant cockroaches
  10 goblins
  8 hobgoblins
  A jackal (D:1)
  3 kobolds
  A quokka (D:2)
  A ball python (D:2)
  2 frilled lizards (D:2)
  5 rats
45 creatures vanquished.

Vanquished Creatures (collateral kills)
  A rat (D:3)
1 creature vanquished.

Grand Total: 46 creatures vanquished

Notes
Turn   | Place    | Note
-------+----------+-------------------------------------------
     0 | D:1      | fiercepretzel the Demonspawn Chaos Knight began the quest for the Orb.
     0 | D:1      | Reached XP level 1. HP: 18/18 MP: 1/1
    54 | D:1      | Gained mutation: You have sharp fingernails. [potion of mutation]
    54 | D:1      | Gained mutation: You are agile. (Dex +2) [potion of mutation]
   146 | D:1      | Gained mutation: You are slightly more attuned to the shadows. [demonic ancestry]
   146 | D:1      | Reached XP level 2. HP: 24/24 MP: 2/2
   504 | D:1      | XOM: harmless Ice miscast
   729 | D:1      | XOM: harmless Chrm miscast
   753 | D:1      | XOM: divination: detect creatures
   812 | D:1      | XOM: silly message
   845 | D:1      | XOM: give mutations
   845 | D:1      | Gained mutation: You are somewhat resistant to further mutation. [Xom's grace]
   845 | D:1      | Gained mutation: You are resistant to hostile enchantments. (MR+) [Xom's grace]
   845 | D:1      | Gained mutation: You are somewhat resistant to both further mutation and mutation removal. [Xom's grace]
   934 | D:2      | Reached skill level 1 in Shields
   934 | D:2      | Reached XP level 3. HP: 29/29 MP: 3/3
  1348 | D:2      | Reached XP level 4. HP: 15/35 MP: 4/4
  1352 | D:2      | XOM: fog
  1629 | D:3      | Found a bloodstained altar of Trog.
  1708 | D:3      | XOM: give mutation
  1708 | D:3      | Gained mutation: You are partially covered in rugged brown scales. (AC +1, +3% HP) [Xom's grace]
  1883 | D:3      | Noticed fiercepretzel's ghost (amateur DsGl)
  1910 | D:3      | XOM: smoke on damage
  1957 | D:4      | XOM: give mutations
  1957 | D:4      | Gained mutation: You have large cloven feet. [Xom's grace]
  1957 | D:4      | Gained mutation: Your muscles are strong. (Str +2) [Xom's grace]
  1957 | D:4      | Gained mutation: Your flesh is cold resistant. (rC+) [Xom's grace]
  1957 | D:4      | Gained mutation: Your flesh is heat resistant. (rF+) [Xom's grace]
  2068 | D:3      | XOM: summons friendly white imp
  2303 | D:2      | XOM: scenery: create altars
  2314 | D:3      | Slain by fiercepretzel's ghost

Skill      XL: |  1  2  3 |
---------------+----------+-----
Maces & Flails | 3 |  3.7
Shields        | 1 |  1.2
Armour         | 2 |  2.1
Fighting       | |  3.4
Dodging        | |  0.8

Action                   |  1- 3 |  4- 6 || total
-------------------------+-------+-------++-------
Melee: Mace              |   115 |    53 ||   168
       Kick              |       |     4 ||     4
  Use: Potion            |     6 |     2 ||     8
       Scroll            |     1 |       ||     1
 Stab: Sleeping          |     1 |     2 ||     3
  Eat: Chunk             |     1 |     2 ||     3
       Bread ration      |       |     1 ||     1
Armor: Leather armour    |    49 |    30 ||    79
Dodge: Dodged            |    57 |    21 ||    78
Block: Buckler           |    25 |     3 ||    28
       Shield            |       |    14 ||    14
